TOP OF THE 1ST |
Rochester Red Wings batting - Pitching for Buffalo Bisons : LHP Sam Mathena
|
Pitching: LHP Sam Mathena
|
|
Batting: LHB Per Meulengracht
|
0-0: Ground out 5-3 (Groundball, 6S, EV 80.6 MPH)
|
Batting: RHB Manuel Juarez
|
0-0: Called Strike 0-1: Foul Ball, location: 2F 0-2: Foul Ball, location: 2F 0-2: Ball 1-2: Ground out 4-3 (Groundball, 4, EV 86.9 MPH)
|
Batting: LHB Kuemon Shishido
|
0-0: Ball 1-0: Ball 2-0: Swinging Strike 2-1: Ball 3-1: Ground out 6-3 (Groundball, 4, EV 91.2 MPH)
|
Top of the 1st over - 0 runs, 0 hits, 0 errors, 0 left on base; Rochester 0 - Buffalo 0 |
BOTTOM OF THE 1ST |
Buffalo Bisons batting - Pitching for Rochester Red Wings : RHP Alex Rushton
|
Pitching: RHP Alex Rushton
|
|
Batting: RHB Alex Ramos
|
0-0: Called Strike 0-1: Ball 1-1: Called Strike 1-2: Fly out, F8 (Flyball, 8RM, EV 97.5 MPH)
|
Batting: RHB Michel Martineau
|
0-0: Ball 1-0: Called Strike 1-1: Fly out, F5 (Line Drive, 56, EV 61.2 MPH)
|
Batting: LHB Gabe Pace
|
0-0: Ball 1-0: Ball 2-0: Called Strike 2-1: Ball 3-1: Base on Balls
|
Batting: RHB Leo Mair
|
0-0: Ball Gabe Pace is caught stealing 2nd base 2-4
|
Bottom of the 1st over - 0 runs, 0 hits, 0 errors, 0 left on base; Rochester 0 - Buffalo 0 |
TOP OF THE 2ND |
Rochester Red Wings batting - Pitching for Buffalo Bisons : LHP Sam Mathena
|
Batting: LHB Israel Montoya
|
0-0: Ball 1-0: Swinging Strike 1-1: Ball 2-1: Foul Ball, location: 2F 2-2: Strikes out swinging
|
Batting: RHB Graham Calvert
|
0-0: Ball 1-0: Called Strike 1-1: Foul Ball, location: 2F 1-2: Strikes out swinging
|
Batting: RHB Jose Gracia
|
0-0: Ball 1-0: Swinging Strike 1-1: Called Strike 1-2: Ball 2-2: Strikes out swinging
|
Top of the 2nd over - 0 runs, 0 hits, 0 errors, 0 left on base; Rochester 0 - Buffalo 0 |
BOTTOM OF THE 2ND |
Buffalo Bisons batting - Pitching for Rochester Red Wings : RHP Alex Rushton
|
Batting: RHB Leo Mair
|
0-0: Ball 1-0: Ball 2-0: Called Strike 2-1: Ball 3-1: Base on Balls
|
Batting: RHB Väinö Tapaninen
|
0-0: Ball 1-0: Foul Ball, location: 2F 1-1: Ball 2-1: Ball 3-1: Base on Balls Leo Mair to second
|
Batting: RHB Jorge Baret
|
0-0: Ball 1-0: Fielders Choice at 2nd, 1-6 (Groundball, 34S, EV 67.5 MPH) Leo Mair to third
|
Batting: RHB Kyle Davis
|
0-0: Ball Jorge Baret steals 2nd base (no throw) 1-0: Called Strike 1-1: Swinging Strike 1-2: SINGLE (Line Drive, 78M, EV 91.2 MPH) Leo Mair scores Jorge Baret to third Runner from 3rd tries for Home, SAFE, throw by CF to home Kyle Davis to second
|
Batting: RHB John Loving
|
0-0: Called Strike 0-1: Ball Kyle Davis steals 3rd base 1-1: Ball 2-1: Ball 3-1: Reached on error, E1 (Groundball, 15S, EV 70.0 MPH) Kyle Davis scores
|
Batting: RHB Jose Garza
|
0-0: Called Strike 0-1: Called Strike John Loving steals 2nd base 0-2: Ball 1-2: Ball 2-2: Ball 3-2: Base on Balls
|
Batting: RHB Alex Ramos
|
0-0: Fielders Choice at 2nd, 6-4 (Groundball, 6, EV 102.5 MPH) John Loving to third
|
Batting: RHB Michel Martineau
|
0-0: Ball 1-0: Ball 2-0: Ball Wild Pitch! John Loving scores Alex Ramos to second 3-0: Base on Balls
|
Batting: LHB Gabe Pace
|
0-0: Ball 1-0: Ground out 4-3 (Groundball, 34, EV 98.1 MPH)
|
Bottom of the 2nd over - 4 runs, 1 hit, 1 error, 2 left on base; Rochester 0 - Buffalo 4 |
TOP OF THE 3RD |
Rochester Red Wings batting - Pitching for Buffalo Bisons : LHP Sam Mathena
|
Batting: RHB Jimmy Mayville
|
0-0: Ball 1-0: Called Strike 1-1: Ground out 6-3 (Groundball, 6, EV 87.5 MPH)
|
Batting: RHB Jon Hice
|
0-0: Ball 1-0: Ball 2-0: Ball 3-0: Called Strike 3-1: Called Strike 3-2: Ground out 5-3 (Groundball, 56, EV 76.2 MPH)
|
Batting: RHB Kenny Reynolds
|
0-0: Ball 1-0: Ball 2-0: Ground out U3 (Groundball, 3, EV 90.0 MPH)
|
Top of the 3rd over - 0 runs, 0 hits, 0 errors, 0 left on base; Rochester 0 - Buffalo 4 |
BOTTOM OF THE 3RD |
Buffalo Bisons batting - Pitching for Rochester Red Wings : RHP Alex Rushton
|
Batting: RHB Leo Mair
|
0-0: Ball 1-0: Called Strike 1-1: Reached on error, E6 (Groundball, 56, EV 88.8 MPH)
|
Batting: RHB Väinö Tapaninen
|
0-0: Ball 1-0: Foul Ball, location: 2F 1-1: Ball 2-1: Fly out, F3 (Popup, 23F, EV 80.6 MPH)
|
Batting: RHB Jorge Baret
|
0-0: Called Strike 0-1: Foul Ball, location: 2F 0-2: Ball 1-2: Ground out 6-3 (Groundball, 6, EV 87.5 MPH) Leo Mair to third
|
Batting: RHB Kyle Davis
|
0-0: Called Strike 0-1: Ball 1-1: SINGLE (Groundball, 6MD, EV 97.5 MPH) Leo Mair scores
|
Batting: RHB John Loving
|
0-0: Ball 1-0: Called Strike 1-1: Fielders Choice at 2nd, 6-4 (Groundball, 6, EV 86.9 MPH)
|
Bottom of the 3rd over - 1 run, 1 hit, 1 error, 1 left on base; Rochester 0 - Buffalo 5 |
TOP OF THE 4TH |
Rochester Red Wings batting - Pitching for Buffalo Bisons : LHP Sam Mathena
|
Batting: LHB Per Meulengracht
|
0-0: Ground out 4-3 (Groundball, 4, EV 103.1 MPH)
|
Batting: RHB Manuel Juarez
|
0-0: Called Strike 0-1: Swinging Strike 0-2: Ball 1-2: Foul Ball, location: 2F 1-2: Foul Ball, location: 2F 1-2: Ball 2-2: Strikes out swinging
|
Batting: LHB Kuemon Shishido
|
0-0: Foul Ball, location: 2F 0-1: Ball 1-1: SINGLE (Flyball, 9LS, EV 90.6 MPH)
|
Batting: LHB Israel Montoya
|
0-0: Ball 1-0: Ball 2-0: Ball 3-0: Called Strike 3-1: Base on Balls Kuemon Shishido to second
|
Batting: RHB Graham Calvert
|
0-0: Ball 1-0: Foul Ball, location: 2F 1-1: Ground out 4-3 (Groundball, 13, EV 81.9 MPH)
|
Top of the 4th over - 0 runs, 1 hit, 0 errors, 2 left on base; Rochester 0 - Buffalo 5 |
BOTTOM OF THE 4TH |
Buffalo Bisons batting - Pitching for Rochester Red Wings : RHP Alex Rushton
|
Batting: RHB Jose Garza
|
0-0: Called Strike 0-1: Ground out 5-3 (Groundball, 5, EV 86.9 MPH)
|
Batting: RHB Alex Ramos
|
0-0: Ball 1-0: Ball 2-0: Ball 3-0: Called Strike 3-1: Base on Balls
|
Batting: RHB Michel Martineau
|
0-0: Foul Ball, location: 2F 0-1: Ball 1-1: Called Strike 1-2: Ball 2-2: Fly out, F6 (Popup, 6MS, EV 71.2 MPH)
|
Batting: LHB Gabe Pace
|
0-0: Ball 1-0: Ball 2-0: Called Strike 2-1: SINGLE (Groundball, 6MD, EV 105.0 MPH) Alex Ramos to second
|
Batting: RHB Leo Mair
|
0-0: Ball 1-0: Fly out, F8 (Flyball, 8RD, EV 104.4 MPH)
|
Bottom of the 4th over - 0 runs, 1 hit, 0 errors, 2 left on base; Rochester 0 - Buffalo 5 |
TOP OF THE 5TH |
Rochester Red Wings batting - Pitching for Buffalo Bisons : LHP Sam Mathena
|
Batting: RHB Jose Gracia
|
0-0: Ball 1-0: Ball 2-0: Ball 3-0: Called Strike 3-1: Base on Balls
|
Batting: RHB Jimmy Mayville
|
0-0: DOUBLE (Groundball, 5L, EV 103.8 MPH) Jose Gracia to third
|
Batting: RHB Jon Hice
|
0-0: Foul Ball, location: 2F 0-1: Ball 1-1: Ball 2-1: Ground out 6-3 (Groundball, 6, EV 105.0 MPH) Jose Gracia scores
|
Batting: RHB Kenny Reynolds
|
0-0: Called Strike 0-1: Swinging Strike 0-2: Foul Ball, location: 2F 0-2: Ball 1-2: Foul Ball, location: 2F 1-2: Ball 2-2: SINGLE (Groundball, 34D, EV 98.1 MPH) Jimmy Mayville to third Runner from 3rd tries for Home, SAFE, throw by RF to home Kenny Reynolds to second
|
Batting: LHB Per Meulengracht
|
0-0: Called Strike 0-1: Ball 1-1: Ball 2-1: Called Strike 2-2: Ball 3-2: Ground out 3-1 (Groundball, 34, EV 104.4 MPH) Kenny Reynolds to third
|
Batting: RHB Manuel Juarez
|
0-0: Ball 1-0: Called Strike 1-1: Foul Ball, location: 2F 1-2: Strikes out swinging
|
Top of the 5th over - 2 runs, 2 hits, 0 errors, 1 left on base; Rochester 2 - Buffalo 5 |
BOTTOM OF THE 5TH |
Buffalo Bisons batting - Pitching for Rochester Red Wings : RHP Alex Rushton
|
Batting: RHB Väinö Tapaninen
|
0-0: Called Strike 0-1: Called Strike 0-2: Ground out 5-3 (Groundball, 5, EV 80.6 MPH)
|
Batting: RHB Jorge Baret
|
0-0: Foul Ball, location: 2F 0-1: Fly out, F8 (Flyball, 8RD, EV 101.2 MPH)
|
Batting: RHB Kyle Davis
|
0-0: Swinging Strike 0-1: Ball 1-1: Foul Ball, location: 2F 1-2: Ball 2-2: Foul Ball, location: 2F 2-2: Ground out 6-3 (Groundball, 6, EV 80.6 MPH)
|
Bottom of the 5th over - 0 runs, 0 hits, 0 errors, 0 left on base; Rochester 2 - Buffalo 5 |
TOP OF THE 6TH |
Rochester Red Wings batting - Pitching for Buffalo Bisons : LHP Sam Mathena
|
Batting: LHB Kuemon Shishido
|
0-0: Foul Ball, location: 2F 0-1: Ball 1-1: Called Strike 1-2: Strikes out swinging
|
Batting: LHB Israel Montoya
|
0-0: Ball 1-0: Foul Ball, location: 2F 1-1: Called Strike 1-2: Strikes out looking
|
Batting: RHB Graham Calvert
|
0-0: Called Strike 0-1: Ground out 4-3 (Groundball, 4D, EV 80.0 MPH)
|
Top of the 6th over - 0 runs, 0 hits, 0 errors, 0 left on base; Rochester 2 - Buffalo 5 |
BOTTOM OF THE 6TH |
Buffalo Bisons batting - Pitching for Rochester Red Wings : RHP Alex Rushton
|
Pitching: LHP Ryan Fulford
|
|
Batting: RHB John Loving
|
0-0: Ball 1-0: SINGLE (Groundball, 56S, EV 62.5 MPH) (infield hit)
|
Batting: RHB Jose Garza
|
Pickoff Throw to First - Error! E1 John Loving to second 0-0: Ball 1-0: Swinging Strike 1-1: SINGLE (Groundball, 3D, EV 98.1 MPH) John Loving to third Runner from 3rd tries for Home, SAFE, throw by RF to home
|
Batting: RHB Alex Ramos
|
0-0: Fly out, F9 (Flyball, 89S, EV 88.1 MPH)
|
Batting: RHB Michel Martineau
|
0-0: Ball 1-0: Called Strike 1-1: Ball 2-1: Swinging Strike 2-2: Strikes out swinging
|
Batting: LHB Gabe Pace
|
0-0: Ball 1-0: Called Strike 1-1: Fly out, F7 (Flyball, 7, EV 88.8 MPH)
|
Bottom of the 6th over - 1 run, 2 hits, 1 error, 1 left on base; Rochester 2 - Buffalo 6 |
TOP OF THE 7TH |
Rochester Red Wings batting - Pitching for Buffalo Bisons : LHP Sam Mathena
|
Batting: RHB Jose Gracia
|
0-0: Ground out 5-3 (Groundball, 5, EV 99.4 MPH)
|
Batting: RHB Jimmy Mayville
|
0-0: Foul Ball, location: 2F 0-1: Called Strike 0-2: Foul Ball, location: 2F 0-2: Ball 1-2: Hit by Pitch
|
Batting: RHB Jon Hice
|
0-0: Called Strike 0-1: Ball 1-1: Foul Ball, location: 2F 1-2: Ball 2-2: Grounds into double play, 4-6-3 (Groundball, 4M, EV 101.9 MPH)
|
Top of the 7th over - 0 runs, 0 hits, 0 errors, 0 left on base; Rochester 2 - Buffalo 6 |
BOTTOM OF THE 7TH |
Buffalo Bisons batting - Pitching for Rochester Red Wings : LHP Ryan Fulford
|
Pitching: RHP George Cooper
|
|
Batting: RHB Leo Mair
|
0-0: Ball 1-0: Called Strike 1-1: SINGLE (Groundball, 6D, EV 99.4 MPH)
|
Batting: RHB Väinö Tapaninen
|
0-0: Foul Ball, location: 2F 0-1: Ball 1-1: Foul Ball, location: 2F 1-2: Ball 2-2: Strikes out looking
|
Batting: RHB Jorge Baret
|
0-0: Ball 1-0: Ball 2-0: Foul Ball, location: 2F 2-1: SINGLE (Line Drive, 8RS, EV 105.6 MPH) Leo Mair to second
|
Batting: RHB Kyle Davis
|
0-0: Called Strike 0-1: Called Strike 0-2: Ball 1-2: Ball 2-2: Fly out, F9 (Flyball, 9LD, EV 102.5 MPH) Runner from 2nd tags up, SAFE at 3rd, no throw by RF
|
Batting: RHB John Loving
|
0-0: Foul Ball, location: 2F 0-1: Swinging Strike 0-2: Reached on error, E5 (Groundball, 56S, EV 85.6 MPH) Leo Mair scores Jorge Baret to second
|
Batting: RHB Jose Garza
|
0-0: Ball 1-0: Hit by Pitch Jorge Baret to third John Loving to second
|
Batting: RHB Alex Ramos
|
0-0: Ground out U3 (Groundball, 34, EV 88.8 MPH)
|
Bottom of the 7th over - 1 run, 2 hits, 1 error, 3 left on base; Rochester 2 - Buffalo 7 |
TOP OF THE 8TH |
Rochester Red Wings batting - Pitching for Buffalo Bisons : LHP Sam Mathena
|
Pitching: RHP Gabe Nalley
|
|
Batting: RHB Kenny Reynolds
|
0-0: Called Strike 0-1: Ball 1-1: Ball 2-1: Foul Ball, location: 2F 2-2: Ball 3-2: Strikes out swinging
|
Batting: LHB Per Meulengracht
|
0-0: Called Strike 0-1: Ball 1-1: Foul Ball, location: 2F 1-2: Fly out, F6 (Line Drive, 56, EV 107.5 MPH)
|
Batting: RHB Manuel Juarez
|
0-0: Ground out 6-3 (Groundball, 6, EV 83.8 MPH)
|
Top of the 8th over - 0 runs, 0 hits, 0 errors, 0 left on base; Rochester 2 - Buffalo 7 |
BOTTOM OF THE 8TH |
Buffalo Bisons batting - Pitching for Rochester Red Wings : RHP George Cooper
|
Batting: RHB Michel Martineau
|
0-0: Ball 1-0: Fly out, F8 (Flyball, 8LXD, EV 106.9 MPH)
|
Batting: LHB Gabe Pace
|
0-0: Ground out 4-3 (Groundball, 4D, EV 111.2 MPH)
|
Batting: RHB Leo Mair
|
0-0: Ball 1-0: Called Strike 1-1: Foul Ball, location: 2F 1-2: Ground out 4-3 (Groundball, 4, EV 83.1 MPH)
|
Bottom of the 8th over - 0 runs, 0 hits, 0 errors, 0 left on base; Rochester 2 - Buffalo 7 |
TOP OF THE 9TH |
Rochester Red Wings batting - Pitching for Buffalo Bisons : RHP Gabe Nalley
|
Batting: LHB Kuemon Shishido
|
0-0: SINGLE (Line Drive, 6D, EV 96.2 MPH)
|
Batting: LHB Israel Montoya
|
0-0: Ball 1-0: Ball 2-0: Swinging Strike 2-1: Foul Ball, location: 2F 2-2: Strikes out swinging
|
Batting: RHB Graham Calvert
|
0-0: 2-RUN HOME RUN (Flyball, 9LD, EV 91.9 MPH), Distance : 352 ft
|
Batting: RHB Jose Gracia
|
0-0: Ball 1-0: Swinging Strike 1-1: Ball 2-1: Called Strike 2-2: Strikes out swinging
|
Batting: RHB Jimmy Mayville
|
0-0: Ball 1-0: Ball 2-0: Called Strike 2-1: Called Strike 2-2: Strikes out looking
|
Top of the 9th over - 2 runs, 2 hits, 0 errors, 0 left on base; Rochester 4 - Buffalo 7 |
|